 Dungeon Crawl Stone Soup version 0.28-a0-691-gad6df49e81 (webtiles) character file.

Game seed: 614149329418027846

28 jsc133 the Grasshopper (level 2, -7/27 HPs)
             Began as a Troll Warper on Oct 20, 2021.
             Was an Initiate of Zin.
             Mangled by an ogre (21 damage)
             ... on level 5 of the Dungeon.
             The game lasted 00:03:22 (406 turns).

jsc133 the Grasshopper (Troll Warper)                Turns: 406, Time: 00:03:22

Health: -7/27      AC:  4    Str: 18    XL:     2   Next: 96%
Magic:  3/3        EV: 10    Int:  9    God:    Zin [......]
Gold:   30         SH:  0    Dex:  9    Spells: 3/3 levels left

rFire   . . .      SeeInvis .     - Unarmed
rCold   . . .      Faith    .   (no shield)
rNeg    . . .      Spirit   .   a - +0 robe
rPois   .          Reflect  .   (helmet restricted)
rElec   .          Harm     .   (no cloak)
rCorr   .          Rampage  .   (gloves unavailable)
Will    .....                   (boots unavailable)
Stlth   +.........              (no amulet)
HPRegen 1.09/turn               (no ring)
MPRegen 0.08/turn               (no ring)

@: no status effects
A: large, unfitting armour, claws 3, regeneration 1, shaggy fur 1, tough skin 1
a: Renounce Religion, Donate Gold


You were on level 5 of the Dungeon.
You worshipped Zin.
Zin was noncommittal.
You visited 1 branch of the dungeon, and saw 5 of its levels.

You collected 33 gold pieces.
You donated 3 gold pieces to Zin.

Inventory:

Missiles
 c - 5 boomerangs of dispersal (quivered)
Armour
 a - a +0 robe (worn)
Scrolls
 b - a scroll of blinking
Potions
 d - a potion of degeneration {unknown}


   Skills:
 + Level 1.5 Fighting
 + Level 0.8 Throwing
 + Level 2.3 Dodging
 + Level 2.1 Unarmed Combat
 + Level 1.3 Spellcasting
 + Level 2.6 Translocations


You had 3 spell levels left.
You didn't know any spells.
Your spell library contained the following spells:

 Spells                   Type           Power      Damage    Failure   Level
 Blink                    Tloc           N/A        N/A       19%         2
 Shock                    Conj/Air       0%         1d3       34%         1
 Gell's Gravitas          Tloc           2%         N/A       34%         3
 Lesser Beckoning         Tloc           5%         N/A       34%         3
 Teleport Other           Tloc           5%         N/A       34%         3
 Corpse Rot               Necr/Air       0%         N/A       47%         2
 Poisonous Vapours        Pois/Air       0%         N/A       47%         2
 Swiftness                Air            0%         N/A       71%         3
 Manifold Assault         Tloc           5%         N/A       97%         5
 Airstrike                Air            0%         N/A       98%         4


Dungeon Overview and Level Annotations

Branches:
Dungeon (5/15)
 Temple: D:4-7

Altars:
Uskayaw
Zin

Annotations:
D:5 Eustachio


Innate Abilities, Weirdness & Mutations

You are too large for most types of armour.
You have claws for hands.
Your natural rate of healing is unusually fast.
You are covered in fur. (AC +1)
You have tough skin. (AC +1)


Message History

Found a stone staircase leading down.
There is a hide-covered altar of Uskayaw here.
You kneel at the altar of Uskayaw.
You pick up a book of Vapours and begin reading...
You add the spells Poisonous Vapours and Corpse Rot to your library.
There is a hide-covered altar of Uskayaw here.
Found an escape hatch in the ceiling.
There is a stone staircase leading down here.
There are no items here.
There are no items here.
There are no items here.
Unknown command.
There is a stone staircase leading down here.
There is a stone staircase leading down here.
You climb downwards.
Found a stone staircase leading down.
There is a stone staircase leading up here.
There is a stone staircase leading down here.
You climb downwards.
The ogre shouts!
The adder hisses angrily.
Found a scroll labelled ASSIHO RUSCH.
There is a stone staircase leading up here.
You closely miss the adder. The adder closely misses you.
The ogre hits you with a +0 giant spiked club!
You miss the adder. The adder barely misses you.
You closely miss the adder. The adder bites you but does no damage.
Eustachio casts a spell.
Eustachio blinks!
The ogre barely misses you.
You claw the adder!
You kill the adder!
The ogre barely misses you.
The ogre hits you with a +0 giant spiked club!
You see here a scroll labelled ASSIHO RUSCH.
You scratch the ogre.
The ogre is lightly wounded.
You claw the ogre!
The ogre is heavily wounded.
The ogre hits you with a +0 giant spiked club!!
Ouch! That really hurt!
You die...

#.. .. #..
.###. #.#......
####.#......
####....#......
#...........@..
#..............
#.....@<.#
#.....O.....#
#.........###
#........##
##########


You could see Eustachio and an ogre.

Vanquished Creatures
  An adder (D:5)
  An endoplasm (D:3)
  3 hobgoblins (D:1)
  4 jackals (D:1)
  A kobold (D:1)
  3 ball pythons (D:1)
  A bat (D:1)
  3 goblins (D:1)
17 creatures vanquished.

Notes
Turn   | Place    | Note
-------+----------+-------------------------------------------
     0 | D:1      | jsc133 the Troll Warper began the quest for the Orb.
     0 | D:1      | Reached XP level 1. HP: 19/19 MP: 1/1
    62 | D:1      | Reached XP level 2. HP: 27/27 MP: 3/3
    68 | D:1      | Found a faded altar of an unknown god.
   331 | D:3      | Found a glowing silver altar of Zin.
   341 | D:3      | Became a worshipper of Zin the Law-Giver
   358 | D:3      | Found a hide-covered altar of Uskayaw.
   399 | D:5      | Entered Level 5 of the Dungeon
   399 | D:5      | Noticed Eustachio
   399 | D:5      | Noticed an ogre
   406 | D:5      | Mangled by an ogre

Illustrated notes

Levels and vault maps discovered:
D:1:      enne_arrival_octagon_isle, layout_basic, basic_ecumenical_altar
D:2:      layout_loops_ring
D:3:      layout_loops_ring, nicolae_uskayaw_dance_hall, lemuel_crystal_altar,
          serial_shops, shop_coins
D:4:      layout_loops_ring, minmay_cupped
D:5:      layout_rooms, minmay_temple_entry_overgrown, uniq_eustachio

Skill      XL: |  1  2 |
---------------+-------+-----
Dodging        | 2 |  2.3
Fighting       | |  1.5
Throwing       | |  0.8
Unarmed Combat | |  2.1
Spellcasting   | |  1.3
Translocations | |  2.6

Action                   || total
-------------------------++-------
Melee: Unarmed           ||    54
       Punch             ||     1
  Use: Scroll            ||     1
Armor: Robe              ||    41
Dodge: Dodged            ||    46

Table legend: (Time is in decaauts)
 A = Elapsed time spent in this place.
 B = Non-inter-level travel time spent in this place.
 C = Inter-level travel time spent in this place.
 D = Time resting spent in this place.
 E = Time spent auto-exploring this place.
 F = Levels seen in this place.
 G = Mean time per level.
                   A        B        C        D        E       F      G
               +--------+--------+--------+--------+--------+-----+--------+
         Total |    403 |    403 |      0 |      0 |      0 |   5 |   80.6 |
       Dungeon |    403 |    403 |      0 |      0 |      0 |   5 |   80.6 |
               +--------+--------+--------+--------+--------+-----+--------+

Top non-repeatable levels by time:
     D:1: 319 daAuts
     D:3: 61 daAuts
     D:2: 9 daAuts
     D:5: 6 daAuts
     D:4: 5 daAuts
